 Dungeon Crawl Stone Soup version 0.26-a0-660-gc07710193c (webtiles) character file.

Game seed: 10185074173499679809

16070 Gargoyl the Fighter (level 12, -7/97 HPs)
             Began as a Gnoll Abyssal Knight on Oct 6, 2020.
             Was a High Priest of Lugonu.
             Mangled by a komodo dragon (12 damage)
             ... on level 3 of the Lair of Beasts on Oct 7, 2020.
             The game lasted 00:20:16 (15902 turns).

Gargoyl the Fighter (Gnoll Abyssal Knight)         Turns: 15902, Time: 00:20:16

Health: -7/97      AC: 20    Str: 20 (21) XL:     12   Next: 33%
Magic:  22/22      EV: 10    Int: 14      God:    Lugonu [*****.]
Gold:   1537       SH:  8    Dex: 13 (14) Spells: 25/25 levels left

rFire    . . .     SeeInvis .   i - +6 war axe
rCold    . . .     Faith    .   q - +2 buckler
rNeg     . . .     Spirit   .   t - +0 plate armour
rPois    +         Reflect  .   b - +0 helmet
rElec    .         Harm     .   l - scarf {repulsion}
rCorr    +         Rampage  .   r - +0 pair of gloves
MR       .....                  k - +2 pair of boots
Stlth    ..........             h - amulet of the acrobat
HPRegen  0.26/turn              g - ring of poison resistance
MPRegen  0.18/turn              c - ring of resist corrosion

@: studying Polearms, repel missiles
A: distributed training, fangs 1, talons 1, deterioration 1, strong nose
a: Depart the Abyss, Bend Space, Banish, Corrupt, Enter the Abyss, Renounce
Religion


You were on level 3 of the Lair of Beasts.
You worshipped Lugonu.
Lugonu was extremely pleased with you.
You visited 2 branches of the dungeon, and saw 13 of its levels.
You visited the Abyss 1 time.
You also visited: Ossuary.

You collected 1537 gold pieces.

Inventory:

Hand Weapons
 a - a +4 hand axe
 i - a +6 war axe (weapon)
Missiles
 s - 3 javelins (quivered)
 x - 4 atropa-tipped darts
Armour
 b - a +0 helmet (worn)
 k - a +2 pair of boots (worn)
 l - a scarf of repulsion (worn)
 q - a +2 buckler (worn)
 r - a +0 pair of gloves (worn)
 t - a +0 plate armour (worn)
Jewellery
 c - a ring of resist corrosion (right hand)
 g - a ring of poison resistance (left hand)
 h - an amulet of the acrobat (around neck)
Wands
 o - a wand of acid (12)
 p - a wand of paralysis (7)
 v - a wand of iceblast (14)
 y - a wand of random effects (15)
 D - a wand of disintegration (12)
Scrolls
 e - 5 scrolls of teleportation
 f - 2 scrolls of magic mapping
 j - 5 scrolls of remove curse
 m - 4 scrolls of identify
 z - a scroll of fog
 B - 2 scrolls of blinking
 I - a scroll of fear
Potions
 d - a potion of lignification
 n - a potion of resistance
 w - a potion of haste
 A - 5 potions of curing
 C - a potion of flight
 E - a potion of stabbing
 F - a potion of ambrosia {unknown}
 G - 3 potions of heal wounds
 H - a potion of brilliance {unknown}
Books
 u - a manual of Polearms


   Skills:
 + Level 9.7 Fighting
 + Level 7.2 Short Blades
 + Level 7.2 Long Blades
 + Level 8.6 Axes
 + Level 7.2 Maces & Flails
 + Level 9.6 Polearms
 + Level 7.2 Staves
 + Level 7.2 Slings
 + Level 7.2 Bows
 + Level 7.2 Crossbows
 + Level 7.2 Throwing
 + Level 8.6 Armour
 + Level 7.7 Dodging
 + Level 7.2 Stealth
 + Level 7.2 Shields
 + Level 7.2 Unarmed Combat
 + Level 7.2 Spellcasting
 + Level 6.0 Conjurations
 + Level 6.0 Hexes
 + Level 6.0 Summonings
 + Level 6.0 Necromancy
 + Level 6.0 Translocations
 + Level 6.0 Transmutations
 + Level 6.0 Fire Magic
 + Level 6.0 Ice Magic
 + Level 6.0 Air Magic
 + Level 6.0 Earth Magic
 + Level 6.0 Poison Magic
 + Level 9.2 Invocations
 + Level 7.2 Evocations


You had 25 spell levels left.
You didn't know any spells.
Your spell library contained the following spells:

 Spells                   Type           Power        Failure   Level
 Foxfire                  Conj/Fire      ###.         22%         1
 Freeze                   Ice            ###.         22%         1
 Conjure Flame            Conj/Fire      ###.....     56%         3
 Frozen Ramparts          Ice            ###...       56%         3
 Inner Flame              Hex/Fire       ###.....     56%         3
 Ozocubu's Armour         Ice            ###.....     56%         3
 Hailstorm                Conj/Ice       ###.....     92%         4
 Sticky Flame             Conj/Fire      ###.....     92%         4
 Summon Ice Beast         Ice/Summ       ###.....     92%         4
 Fireball                 Conj/Fire      ###.......   99%         5


Dungeon Overview and Level Annotations

Branches:
Dungeon (10/15)            Temple (0/1) D:7            Lair (3/6) D:10
    Orc (0/2) D:10        Ossuary (visited)
  Swamp: Lair:2-4    Shoals: Lair:2-4     Snake: Lair:2-4    Spider: Lair:2-4

Altars:
Ashenzari
Cheibriados
Elyvilon
Fedhas
Makhleb
Ru
Sif Muna
Vehumet
Xom
Yredelemnul

Shops:
D:8 (


Innate Abilities, Weirdness & Mutations

Your experience applies equally to all skills.
You have very sharp teeth.
Your uncanny sense of smell can sniff out nearby items.
You have sharp toenails.
Your body sometimes deteriorates upon taking damage.


Message History

The komodo dragon is lightly wounded.
The komodo dragon closely misses you.
You closely miss the komodo dragon.
The komodo dragon is lightly wounded.
The komodo dragon bites you!!
Unknown command.
You slash the komodo dragon! Your bite misses the komodo dragon.
The komodo dragon is moderately wounded.
The komodo dragon bites you!!
* * * LOW HITPOINT WARNING * * *
Your body deteriorates!
You feel weakened.
You barely miss the komodo dragon.
The komodo dragon is moderately wounded.
The komodo dragon bites you!
* * * LOW HITPOINT WARNING * * *
Unknown command.
You slash the komodo dragon!
The komodo dragon is severely wounded.
The komodo dragon bites you!
You die...

##..## .. #... !....
#..###.$. #...#
.......^. #...#
#......<# #...### .
........# ##.....##..
#..#..# #..........
#...####P.†.......
#.###..@l#.##.........
#...........$..)..###P∆
#..............###### .
.........###...####.#.>
...#.#.<.# ##.........
#. #.#...# #..........
# ##..... #.....#...
##...# ##...## ###
..... #....## #.


You could see a komodo dragon.

Vanquished Creatures
  Josephine (D:9)
  2 two-headed ogres (D:9)
  The ghost of Rosaphim the Thaumaturge, a novice DECj of Sif Muna (D:7)
  3 cane toads
  A komodo dragon (Lair:1)
  A troll (D:9)
  2 wyverns
  5 wraiths
  24 yaks
  Grum (D:8)
  Menkaure (Ossuary)
  3 water moccasins
  The ghost of stillor the Digger, an amateur GrEE (D:4)
  Duvessa (D:4)
  4 ice beasts
  3 orc warriors
  2 sky beasts
  A black bear (Lair:1)
  6 ogres
  7 wolves
  2 centaurs (D:9)
  2 big kobolds
  11 bullfrogs
  2 gnoll sergeants
  Dowan (D:4)
  10 killer bees
  An electric eel (Lair:2)
  14 wights
  A crimson imp (D:6)
  5 hounds
  2 jellies (D:6)
  A centaur zombie (D:10)
  8 orc priests
  8 orc wizards
  Crazy Yiuf (D:5)
  2 bullfrog skeletons
  A gnoll shaman (D:4)
  4 iguanas
  5 worker ants
  2 centaur simulacra (D:7)
  3 mummies (Ossuary)
  Robin (D:4)
  A howler monkey skeleton (D:8)
  A worker ant zombie (D:6)
  7 adders
  21 gnolls
  5 shadow imps
  8 white imps
  3 ufetubi
  An ooze (D:5)
  An adder zombie (D:6)
  3 worms
  A dart slug (D:3)
  An adder simulacrum (D:7)
  3 leopard geckos
  46 orcs
  A giant cockroach (D:2)
  4 gnoll zombies (Ossuary)
  10 goblins
  14 hobgoblins
  3 jackals (D:1)
  3 quokkas
  2 ball pythons
  6 bats
  4 frilled lizards
  7 gnoll skeletons (Ossuary)
  A goblin skeleton (Ossuary)
  3 goblin zombies (Ossuary)
  3 hobgoblin skeletons (Ossuary)
  5 hobgoblin zombies (Ossuary)
  2 jackal skeletons
  16 kobolds
  3 kobold skeletons (Ossuary)
  4 kobold zombies (Ossuary)
  10 orc skeletons (Ossuary)
  5 orc zombies (Ossuary)
  A quokka skeleton (D:4)
  7 rats
  A rat skeleton (Ossuary)
  4 rat zombies (Ossuary)
378 creatures vanquished.

Vanquished Creatures (collateral kills)
  A bullfrog (Lair:2)
1 creature vanquished.

Vanquished Creatures (others)
  A sky beast (D:9)
  8 fungi
  17 plants
  5 toadstools (D:8)
31 creatures vanquished.

Grand Total: 410 creatures vanquished

Notes
Turn   | Place    | Note
-------+----------+-------------------------------------------
     0 | Abyss:1  | Gargoyl the Gnoll Abyssal Knight began the quest for the
                  | Orb.
     0 | Abyss:1  | Reached XP level 1. HP: 23/23 MP: 3/3
    23 | Abyss:1  | Found a basalt altar of Yredelemnul.
    99 | Abyss:1  | Noticed an ancient zyme
   107 | Abyss:1  | Noticed a flayed ghost
   110 | D:1      | Escaped the Abyss
   230 | D:1      | Reached XP level 2. HP: 29/29 MP: 5/5
   897 | D:1      | Reached * piety under Lugonu
  1148 | D:2      | Reached XP level 3. HP: 35/35 MP: 6/6
  1364 | D:2      | Found a white marble altar of Elyvilon.
  1742 | D:2      | Reached skill level 1 in Short Blades
  1742 | D:2      | Reached skill level 1 in Long Blades
  1742 | D:2      | Reached skill level 1 in Maces & Flails
  1742 | D:2      | Reached skill level 1 in Polearms
  1742 | D:2      | Reached skill level 1 in Staves
  1742 | D:2      | Reached skill level 1 in Slings
  1742 | D:2      | Reached skill level 1 in Bows
  1742 | D:2      | Reached skill level 1 in Crossbows
  1742 | D:2      | Reached skill level 1 in Throwing
  1742 | D:2      | Reached skill level 1 in Stealth
  1742 | D:2      | Reached skill level 1 in Shields
  1742 | D:2      | Reached skill level 1 in Unarmed Combat
  1742 | D:2      | Reached skill level 1 in Spellcasting
  1742 | D:2      | Reached skill level 1 in Evocations
  1745 | D:2      | Reached XP level 4. HP: 41/41 MP: 7/7
  2158 | D:3      | Found a shimmering blue altar of Sif Muna.
  2158 | D:3      | Found a broken altar of Ashenzari.
  2528 | D:3      | Reached skill level 1 in Conjurations
  2528 | D:3      | Reached skill level 1 in Hexes
  2528 | D:3      | Reached skill level 1 in Summonings
  2528 | D:3      | Reached skill level 1 in Necromancy
  2528 | D:3      | Reached skill level 1 in Translocations
  2528 | D:3      | Reached skill level 1 in Transmutations
  2528 | D:3      | Reached skill level 1 in Fire Magic
  2528 | D:3      | Reached skill level 1 in Ice Magic
  2528 | D:3      | Reached skill level 1 in Air Magic
  2528 | D:3      | Reached skill level 1 in Earth Magic
  2528 | D:3      | Reached skill level 1 in Poison Magic
  3048 | D:4      | Noticed an ogre
  3065 | D:3      | Killed an ogre
  3065 | D:3      | Reached XP level 5. HP: 5/47 MP: 8/8
  3477 | D:4      | Reached skill level 5 in Invocations
  3477 | D:4      | Reached XP level 6. HP: 30/53 MP: 9/9
  3796 | D:4      | Noticed Dowan
  3797 | D:4      | Noticed Duvessa
  3809 | D:4      | Gained mutation: You are dopey. (Int -2) [potion of
                  | mutation]
  3809 | D:4      | Gained mutation: You expend magic power (3 MP) to
                  | strengthen your wands. [potion of mutation]
  3814 | D:4      | Killed Duvessa
  3814 | D:4      | Reached skill level 5 in Axes
  3814 | D:4      | Reached skill level 5 in Armour
  3843 | D:4      | Killed Dowan
  4090 | D:4      | Noticed Robin
  4124 | D:3      | Reached XP level 7. HP: 35/59 MP: 10/10
  4255 | D:4      | Reached ** piety under Lugonu
  4266 | D:4      | Killed Robin
  4338 | D:4      | Found a transporter.
  4344 | D:4      | Found a transporter.
  4353 | D:4      | Noticed stillor's ghost (amateur GrEE)
  4740 | D:5      | Entered Level 5 of the Dungeon
  5138 | D:5      | Found a runed translucent door.
  5139 | D:5      | Noticed Crazy Yiuf
  5152 | D:5      | Killed Crazy Yiuf
  5766 | D:5      | Reached XP level 8. HP: 66/67 MP: 12/12
  5972 | D:5      | Found a blossoming altar of Fedhas.
  6803 | D:4      | Killed stillor's ghost
  7116 | D:6      | Reached *** piety under Lugonu
  7210 | D:6      | Found a sand-covered staircase.
  7223 | Ossuary  | Entered an ossuary
  7433 | Ossuary  | Reached **** piety under Lugonu
  7526 | Ossuary  | Noticed Menkaure
  7552 | Ossuary  | Killed Menkaure
  7552 | Ossuary  | Reached XP level 9. HP: 41/73 MP: 14/14
  7727 | Ossuary  | Lost mutation: You expend magic power (3 MP) to strengthen
                  | your wands. [potion of mutation]
  7727 | Ossuary  | Lost mutation: You are dopey. (Int -2) [potion of mutation]
  7727 | Ossuary  | Gained mutation: You tend to lose your temper in combat.
                  | [potion of mutation]
  7727 | Ossuary  | Lost mutation: You tend to lose your temper in combat.
                  | [potion of mutation]
  7727 | Ossuary  | Gained mutation: Your body sometimes deteriorates upon
                  | taking damage. [potion of mutation]
  7727 | Ossuary  | Gained mutation: You have sharp toenails. [potion of
                  | mutation]
  7748 | D:6      | Found a sacrificial altar of Ru.
  8188 | D:6      | Found a burning altar of Makhleb.
  8506 | D:7      | Found a staircase to the Ecumenical Temple.
  8518 | D:7      | Identified a scroll of acquirement
  8518 | D:7      | Acquired 758 gold pieces
  8609 | D:7      | Found a runed translucent gate.
  8609 | D:7      | Found a runed translucent gate.
  8609 | D:7      | Found a runed translucent gate.
  8811 | D:7      | Reached skill level 5 in Dodging
  8889 | D:7      | Noticed Rosaphim's ghost (novice DECj)
  9033 | D:7      | Killed Rosaphim's ghost
  9033 | D:7      | Reached skill level 5 in Polearms
  9355 | D:8      | Reached ***** piety under Lugonu
  9355 | D:8      | Reached XP level 10. HP: 66/80 MP: 17/17
  9541 | D:8      | Noticed Grum
  9846 | D:7      | Reached skill level 5 in Short Blades
  9846 | D:7      | Reached skill level 5 in Long Blades
  9846 | D:7      | Reached skill level 5 in Maces & Flails
  9846 | D:7      | Reached skill level 5 in Staves
  9846 | D:7      | Reached skill level 5 in Slings
  9846 | D:7      | Reached skill level 5 in Bows
  9846 | D:7      | Reached skill level 5 in Crossbows
  9846 | D:7      | Reached skill level 5 in Throwing
  9846 | D:7      | Reached skill level 5 in Stealth
  9846 | D:7      | Reached skill level 5 in Shields
  9846 | D:7      | Reached skill level 5 in Unarmed Combat
  9846 | D:7      | Reached skill level 5 in Spellcasting
  9846 | D:7      | Reached skill level 5 in Evocations
  9860 | D:8      | Killed Grum
 10316 | D:8      | Found Qesaot's Antique Weapon Shoppe.
 10468 | D:8      | Found a basalt altar of Yredelemnul.
 10471 | D:8      | Found a radiant altar of Vehumet.
 11053 | D:9      | Found a snail-covered altar of Cheibriados.
 11473 | D:10     | Entered Level 10 of the Dungeon
 11473 | D:10     | Noticed a two-headed ogre
 11496 | D:9      | Killed a two-headed ogre
 11822 | D:10     | Reached XP level 11. HP: 77/87 MP: 19/19
 11842 | D:10     | Found a staircase to the Orcish Mines.
 11880 | D:10     | Noticed a two-headed ogre
 11961 | D:9      | Killed a two-headed ogre
 11961 | D:9      | Reached skill level 5 in Conjurations
 11961 | D:9      | Reached skill level 5 in Hexes
 11961 | D:9      | Reached skill level 5 in Summonings
 11961 | D:9      | Reached skill level 5 in Necromancy
 11961 | D:9      | Reached skill level 5 in Translocations
 11961 | D:9      | Reached skill level 5 in Transmutations
 11961 | D:9      | Reached skill level 5 in Fire Magic
 11961 | D:9      | Reached skill level 5 in Ice Magic
 11961 | D:9      | Reached skill level 5 in Air Magic
 11961 | D:9      | Reached skill level 5 in Earth Magic
 11961 | D:9      | Reached skill level 5 in Poison Magic
 12304 | D:10     | Noticed an oklob plant
 12305 | D:10     | Banished an oklob plant
 12398 | D:10     | Found a staircase to the Lair.
 12492 | D:10     | Noticed Josephine
 12832 | D:9      | Killed Josephine
 13062 | D:10     | Found a shimmering altar of Xom.
 13372 | Lair:1   | Entered Level 1 of the Lair of Beasts
 13748 | Lair:1   | Reached ****** piety under Lugonu
 14554 | Lair:2   | Reached XP level 12. HP: 57/96 MP: 22/22
 14721 | Lair:2   | Noticed a four-headed hydra
 14722 | Lair:2   | Banished a four-headed hydra
 15902 | Lair:3   | Mangled by a komodo dragon

Illustrated notes

Levels and vault maps discovered:
D:1:      dpeg_arrival_subterranean_lakeside_camping, layout_basic,
          minivault_24, minmay_misc_feat_chi
D:2:      layout_loops_ring, marbit_many_paths, minmay_misc_feat_tower,
          roderic_nine_men_s_morris, nicolae_underground_beach
D:3:      layout_basic, amethyst_overflow_temple_binary
D:4:      layout_basic, gammafunk_ghost_gnarly_gnolls, uniq_duvessa, uniq_robin
D:5:      layout_layer_cave, fedhas_ov_isle_minmay, due_unseen_surprise,
          uniq_crazy_yiuf_cottage
D:6:      layout_loops_ring, makhleb_grotto_becter, chequers_ossuary_entry_cave,
          nicolae_ru_the_path_less_chosen
D:7:      layout_gridville, minmay_temple_entry_mini_moons, gammafunk_ghost_icy,
          kennysheep_generic_room_10
D:8:      layout_rooms, minitemple, serial_shops, shop,
          minmay_gold_behind_fungi, uniq_grum
D:9:      layout_roguey, lemuel_crystal_altar
D:10:     layout_cave_pools, dpeg_oklobed_lair, hiddenorc2_lemuel, basic_altar,
          uniq_josephine
Lair:1:   layout_regular_city, beast_lair_carwin_11, grunt_megastairs_1,
          serial_bayou_shore_b, infiniplex_staircase_pool_2, lemuel_fruit_fields
Lair:2:   layout_loops_ring, grunt_megastairs_5, serial_bayou_shore_a,
          infiniplex_staircase_pool
Lair:3:   layout_small_grid, minmay_swamp_entry_swarm, worms_lemuel

Skill      XL: |  1  2  3  4  5  6  7  8  9 10 11 12 |
---------------+-------------------------------------+-----
Short Blades   | 1 2 3 4 5 6 7 |  7.2
Long Blades    | 1 2 3 4 5 6 7 |  7.2
Maces & Flails | 1 2 3 4 5 6 7 |  7.2
Polearms       | 1 2 4 6 7 9 |  9.6
Staves         | 1 2 3 4 5 6 7 |  7.2
Slings         | 1 2 3 4 5 6 7 |  7.2
Bows           | 1 2 3 4 5 6 7 |  7.2
Crossbows      | 1 2 3 4 5 6 7 |  7.2
Throwing       | 1 2 3 4 5 6 7 |  7.2
Stealth        | 1 2 3 4 5 6 7 |  7.2
Shields        | 1 2 3 4 5 6 7 |  7.2
Unarmed Combat | 1 2 3 4 5 6 7 |  7.2
Spellcasting   | 1 2 3 4 5 6 7 |  7.2
Evocations     | 1 2 3 4 5 6 7 |  7.2
Conjurations   | 1 2 3 4 5 6 |  6.0
Hexes          | 1 2 3 4 5 6 |  6.0
Summonings     | 1 2 3 4 5 6 |  6.0
Necromancy     | 1 2 3 4 5 6 |  6.0
Translocations | 1 2 3 4 5 6 |  6.0
Transmutations | 1 2 3 4 5 6 |  6.0
Fire Magic     | 1 2 3 4 5 6 |  6.0
Ice Magic      | 1 2 3 4 5 6 |  6.0
Air Magic      | 1 2 3 4 5 6 |  6.0
Earth Magic    | 1 2 3 4 5 6 |  6.0
Poison Magic   | 1 2 3 4 5 6 |  6.0
Dodging        | 3 4 5 6 7 |  7.7
Invocations    | 5 6 7 8 9 |  9.2
Axes           | 5 6 7 8 |  8.6
Armour         | 5 6 7 8 |  8.6
Fighting       | 7 8 9 |  9.7

Action                   |  1- 3 |  4- 6 |  7- 9 | 10-12 || total
-------------------------+-------+-------+-------+-------++-------
Melee: Hand axe          |    83 |   119 |   517 |       ||   719
       Bite              |     7 |    20 |    69 |    55 ||   151
       War axe           |       |       |    23 |   501 ||   524
Throw: Javelin           |       |     4 |       |     8 ||    12
       Dart              |       |       |       |     3 ||     3
Invok: Depart the Abyss  |     1 |       |       |       ||     1
       Bend Space        |       |       |     2 |       ||     2
       Banish            |       |       |       |     2 ||     2
  Use: Scroll            |     9 |     2 |    11 |    11 ||    33
       Potion            |     1 |     6 |     2 |     4 ||    13
 Stab: Sleeping          |       |     2 |       |       ||     2
       Distracted        |       |       |     1 |       ||     1
       Invisible         |       |       |       |     3 ||     3
Armor: Leather armour    |    23 |    13 |       |       ||    36
       Ring mail         |       |    19 |    37 |       ||    56
       Plate armour      |       |       |   224 |   344 ||   568
       Skin              |       |       |       |     3 ||     3
Dodge: Dodged            |    64 |    96 |   251 |   294 ||   705
       Repelled          |       |     4 |     4 |     6 ||    14
Block: Buckler           |       |       |   131 |   252 ||   383

Table legend: (Time is in decaauts)
 A = Elapsed time spent in this place.
 B = Non-inter-level travel time spent in this place.
 C = Inter-level travel time spent in this place.
 D = Time resting spent in this place.
 E = Time spent auto-exploring this place.
 F = Levels seen in this place.
 G = Mean time per level.
                   A        B        C        D        E       F      G
               +--------+--------+--------+--------+--------+-----+--------+
         Total |  16035 |  15645 |    390 |   4180 |   8189 |  15 | 1069.0 |
       Dungeon |  12860 |  12492 |    368 |   3355 |   6588 |  10 | 1286.0 |
          Lair |   2555 |   2534 |     21 |    684 |   1504 |   3 |  851.7 |
         Abyss |    112 |    112 |      0 |      0 |     93 |   1 |  112.0 |
       Ossuary |    507 |    507 |      0 |    141 |      3 |   1 |  507.0 |
               +--------+--------+--------+--------+--------+-----+--------+

Top non-repeatable levels by time:
     D:4: 2048 daAuts
     D:9: 2037 daAuts
     D:3: 1491 daAuts
     D:5: 1469 daAuts
     D:7: 1198 daAuts
  Lair:1: 1169 daAuts
  Lair:2: 1141 daAuts
     D:8: 986 daAuts
     D:1: 965 daAuts
     D:6: 917 daAuts
     D:2: 914 daAuts
    D:10: 829 daAuts
 Ossuary: 507 daAuts
  Lair:3: 244 daAuts
 Abyss:1: 112 daAuts
